 Dungeon Crawl Stone Soup version 0.22-a0-833-g8522bf8 (webtiles) character file.

65 jjfam the Shield-Bearer (level 4, -1/40 HPs)
             Began as a Hill Orc Fighter on July 25, 2018.
             Killed by divine providence
             ... invoked by an orc priest
              (11 damage)
             ... on level 3 of the Dungeon.
             The game lasted 00:03:03 (1621 turns).

jjfam the Shield-Bearer (Hill Orc Fighter)          Turns: 1621, Time: 00:03:04

Health: -1/40      AC:  7    Str: 19    XL:     4   Next: 14%
Magic:  4/4        EV:  7    Int:  8    God:
Gold:   117        SH:  9    Dex: 10    Spells: 3/3 levels left

rFire    . . .     SeeInvis .   a - +0 war axe
rCold    . . .     Gourm    .   c - +0 shield
rNeg     . . .     Faith    .   b - +0 scale mail
rPois    .         Spirit   .   (no helmet)
rElec    .         Reflect  .   (no cloak)
rCorr    .         Harm     .   (no gloves)
MR       .....                  (no boots)
Stlth    ..........             (no amulet)
HPRegen  0.13/turn              (no ring)
MPRegen  0.09/turn              (no ring)

@: no status effects
A: no striking features
a: Convert to Beogh


You were on level 3 of the Dungeon.
You were hungry.

You visited 1 branch of the dungeon, and saw 3 of its levels.

You collected 117 gold pieces.

Inventory:

Hand Weapons
 a - a +0 war axe (weapon)
Armour
 b - a +0 scale mail (worn)
 c - a +0 shield (worn)
Scrolls
 e - 3 scrolls of identify {unknown}
 g - 2 scrolls of fog {unknown}
 j - a scroll of random uselessness {unknown}
 k - a scroll of immolation {unknown}
 l - a scroll of magic mapping {unknown}
 m - a scroll of blinking {unknown}
Potions
 d - a potion of might
 i - a potion of curing {unknown}
Comestibles
 f - 5 rations


   Skills:
 + Level 3.8 Fighting
 + Level 3.4 Axes
 + Level 3.9 Armour
 + Level 0.5 Dodging
 + Level 4.2 Shields


You had 3 spell levels left.
You didn't know any spells.
Your spell library was empty.

Dungeon Overview and Level Annotations

Branches:
Dungeon (3/15)

Altars:


Message History

There are monsters nearby!
There are monsters nearby!
You closely miss the orc. You slash the orc!
You kill the orc!
The orc closely misses you.
The orc priest looks encouraged for a moment.
You closely miss the orc. The orc closely misses you.
The orc priest mumbles some strange prayers to Beogh against you.
Beogh smites you!
Your shield and scale mail prevent you from hitting the orc.
The orc priest looks encouraged for a moment.
You block the orc's attack. x2
You closely miss the orc. The orc hits you with a war axe.
* * * LOW HITPOINT WARNING * * *
You slash the orc!
You kill the orc!
You are feeling hungry.
The orc priest invokes the aid of Beogh against you.
Beogh smites you!
You die...

#.. #.# #.# #.#
#.#
#######o####..$
.....$.........
#####.###
#...@)..#
#.###.#.# #.
#.#.# #.###.#..
#.....#..#
#.#........#
#...<####..#
###.## ..# #.
.#


You could see an orc priest.

Vanquished Creatures
  2 adders (D:2)
  An ooze (D:2)
  A worm (D:2)
  A dart slug (D:1)
  A leopard gecko (D:1)
  2 orcs (D:3)
  3 bats
  5 giant cockroaches
  3 goblins (D:1)
  3 hobgoblins
  A quokka (D:2)
  2 frilled lizards (D:1)
  7 kobolds
  2 rats (D:1)
34 creatures vanquished.

Notes
Turn   | Place    | Note
-------+----------+-------------------------------------------
     0 | D:1      | jjfam the Hill Orc Fighter began the quest for the Orb.
     0 | D:1      | Reached XP level 1. HP: 19/19 MP: 1/1
   251 | D:1      | Reached XP level 2. HP: 26/27 MP: 2/2
   612 | D:1      | Reached XP level 3. HP: 33/33 MP: 3/3
   822 | D:2      | Reached skill level 4 in Shields
  1265 | D:2      | Reached XP level 4. HP: 40/40 MP: 4/4
  1621 | D:3      | Killed from afar by an orc priest

Vault maps used:
D:1:      grunt_arrival_crossed_arrows, serial_bayou_pond_b
D:2:      first_ration
D:3:      minmay_box_of_dots

Skill      XL: |  1  2  3 |
---------------+----------+-----
Axes           | 3 |  3.4
Shields        | 4 |  4.2
Fighting       | |  3.8
Armour         | |  3.9
Dodging        | |  0.5

Action                   |  1- 3 |  4- 6 || total
-------------------------+-------+-------++-------
Melee: War axe           |   111 |     7 ||   118
  Eat: Chunk             |     1 |     1 ||     2
Armor: Scale mail        |    66 |     2 ||    68
Dodge: Dodged            |    51 |     2 ||    53
Block: Shield            |    72 |     5 ||    77

Table legend:
 A = Spawn XP
 B = Non-spawn XP
 C = Spawn XP percentage of total XP
 D = Spawn monster count
 E = Non-spawn monster count
 F = Spawn count percentage of total count
 G = Total turns spent on level
                    A         B        C        D         E        F      G
               +---------+---------+-------+---------+---------+-------+---------
         Total |       0 |      94 |   0.0 |       0 |      34 |   0.0 |  1621
               +---------+---------+-------+---------+---------+-------+---------
           D:1 |       0 |      34 |   0.0 |       0 |      19 |   0.0 |   646
           D:2 |       0 |      54 |   0.0 |       0 |      13 |   0.0 |   956
           D:3 |       0 |       6 |   0.0 |       0 |       2 |   0.0 |    19
               +---------+---------+-------+---------+---------+-------+---------
